 Dungeon Crawl Stone Soup version 0.14-a0-817-g3f7b0b1 (webtiles) character file.

230 4tharraofdagon the Slasher (level 5, 9/40 HPs)
             Began as a Djinni Gladiator on Nov 12, 2013.
             Quit the game on Level 5 of the Dungeon.
             The game lasted 00:01:55 (388 turns).

4tharraofdagon the Slasher (Djinni Gladiator)        Turns: 388, Time: 00:01:55

HP   9/40        AC  8     Str 16      XL: 5   Next: 12%
MP   0/0         EV 10     Int  9      God:
Gold 77          SH  0     Dex 13      Spells:  0 memorised,  4 levels left

Res.Fire  : + + +   See Invis. : .   j - -2,-1 orc short sword (curse)
Res.Cold  : x . .   Warding    : .   g - +1 dwarf ring mail
Life Prot.: + + +   Conserve   : .   (no shield)
Res.Poison: .       Res.Corr.  : .   c - +0 helmet
Res.Elec. : .       Clarity    : .   (no cloak)
Sust.Abil.: . .     Spirit.Shd : .   (no gloves)
Res.Mut.  : .       Stasis     : .   (boots unavailable)
Res.Rott. : .       Flight     : +   (no amulet)
Saprovore : . . .                    (no ring)
                                     (no ring)

@: flying, mildly poisoned, slightly resistant to hostile enchantments, very
unstealthy
A: fire immunity, cold vulnerability, life protection 3
a: no special abilities


You were on level 5 of the Dungeon.
You were not hungry.

You visited 1 branch of the dungeon, and saw 5 of its levels.

You collected 77 gold pieces.

Inventory:

Hand weapons
 a - a +0,+0 falchion
 j - a cursed -2,-1 orcish short sword (weapon)
Armour
 b - a +0 leather armour
 c - a +0 helmet (worn)
 g - a +1 dwarven ring mail (worn)
Jewellery
 f - an uncursed ring of fire
Potions
 k - a potion of invisibility {unknown}


   Skills:
 + Level 2.9 Fighting
 * Level 4.6 Long Blades
 - Level 1.7 Throwing
 + Level 2.4 Armour
 - Level 2.6 Dodging


You had 4 spell levels left.
You didn't know any spells.

Dungeon Overview and Level Annotations

Branches:
Dungeon (5/27)
 Temple: D:4-7

Altars:


Innate Abilities, Weirdness & Mutations

You are immune to all types of fire, even holy and hellish.
You are vulnerable to cold.
You need no food.
You have no legs.
You are immune to negative energy.


Message History

The centaur is caught in the net!
The centaur is lightly wounded.
You feel sick.
The centaur struggles against the net.
You hit the centaur but do no damage.
The centaur is lightly wounded.
The centaur struggles against the net.
The net rips apart, and the centaur comes free!
The centaur hits you but does no damage.
You hit the centaur.
The centaur is heavily wounded.
You feel sick. The centaur hits you.
The centaur hits you but does no damage.
You aren't carrying any spellbooks or scrolls.
You feel sick.
The centaur wields an uncursed bow.
The centaur shoots a poisoned arrow.
The poisoned arrow hits you!
You are more poisoned.
You see here a poisoned arrow.
You feel sick.
The centaur unwields an uncursed bow.
The centaur hits you!
* * * LOW HITPOINT WARNING * * *
Are you sure you want to abandon this character and quit the game? (Confirm with "yes".)

# # ....[ . ..... ...
..c...#######....
........<........
........(........#
#########..........#
#......(#..(.......#
#......@#..........
.######c##..........
.....................
...##########......
..... .#### .#


You could see a centaur.

Vanquished Creatures
  An ogre (D:3)
  An orc wizard (D:3)
  Jessica (D:2)
  An adder (D:2)
  4 orcs (D:3)
  3 giant cockroaches
  A hobgoblin (D:3)
  2 goblins
  A kobold (D:2)
  2 rats
17 creatures vanquished.

Notes
Turn   | Place    | Note
--------------------------------------------------------------
     0 | D:1      | 4tharraofdagon, the Djinni Gladiator, began the quest for the Orb.
     0 | D:1      | Reached XP level 1. HP: 15/15 MP: 0/0
    25 | D:2      | Noticed Jessica
    30 | D:2      | Reached XP level 2. EP: 12/21
    36 | D:2      | HP: 1/21 [poisoned by an adder]
    38 | D:2      | Killed Jessica
    38 | D:2      | Reached skill level 1 in Armour
   139 | D:2      | Reached XP level 3. EP: 24/27
   262 | D:3      | Noticed an ogre
   281 | D:3      | Killed an ogre
   281 | D:3      | Reached skill level 4 in Long Blades
   281 | D:3      | Reached XP level 4. EP: 22/34
   306 | D:3      | Reached XP level 5. EP: 32/40
   364 | D:5      | Entered Level 5 of the Dungeon
   364 | D:5      | Noticed a centaur
   388 | D:5      | Quit the game

Action                   |  1- 3 |  4- 6 || total
-------------------------+-------+-------++-------
Melee: Falchion          |    45 |    22 ||    67
       Short sword       |       |     8 ||     8
Throw: Throwing net      |     6 |     3 ||     9
  Use: Scroll            |       |     3 ||     3
       Potion            |       |     1 ||     1
 Stab: Held in net/web   |       |     2 ||     2
